[ AOE2 MATCH · #462640892 ]
Team RMGoths vs Huns
[ REPLAY ANALYSIS · EXTRACTED FROM THE RECORDED GAME ]
Feudal
13:29
Castle
21:52
Imperial
36:22
| APM avg | 23.8 |
| APM peak | 68 |
| eAPM avg | 14.2 |
| Villagers / military | 136 / 506 |
Focus
⚔️ 34.5% · 🌾 65.5%
Huskarl ×240 · Spearman ×210 · Hand Cannoneer ×45 · Bombard Cannon ×6 · Trebuchet (Packed) ×5
Feudal
10:08
Castle
16:09
Imperial
32:56
| APM avg | 33.5 |
| APM peak | 121 |
| eAPM avg | 22.5 |
| Villagers / military | 172 / 428 |
Focus
⚔️ 22.5% · 🌾 77.5%
Tarkan ×232 · Cavalry Archer ×189 · Trade Cart ×16 · Trebuchet (Packed) ×7
Feudal
14:44
Castle
19:33
Imperial
37:07
| APM avg | 17.8 |
| APM peak | 46 |
| eAPM avg | 12.2 |
| Villagers / military | 136 / 258 |
Focus
⚔️ 27.6% · 🌾 72.4%
Scout Cavalry ×101 · Cavalry Archer ×85 · Skirmisher ×28 · Spearman ×26 · Fishing Ship ×17 · Bombard Cannon ×15
Feudal
14:04
Castle
24:48
Imperial
35:49
| APM avg | 18.8 |
| APM peak | 55 |
| eAPM avg | 10.1 |
| Villagers / military | 109 / 289 |
Focus
⚔️ 38.3% · 🌾 61.7%
Teutonic Knight ×197 · Spearman ×48 · Scorpion ×25 · Battering Ram ×11 · Trebuchet (Packed) ×5 · Trade Cart ×2
Match map
Initial resources + every placement click. Lines = walls · curves = elevation contours. ◆ gold · ⬟ stone · ● berries · ✦ relic · ◌ wall gap
Your base
烤姓杀手's base
幸亏我及时的护住了脸's base· Open — unwalled flank
[**]XIANYU's base
Smoothed initial terrain · ◌ = detected wall gap · hover for details
Inputs per minute
— K.T. - - 烤姓杀手
Build order — K.T.
First 150 of 428 actions detected
| 0:02 | Research | Loom |
| 0:02 | Create | Villager (Male) ×4 |
| 0:04 | Build | House |
| 0:05 | Build | House |
| 0:06 | Build | House |
| 0:58 | Build | Building 800 |
| 1:04 | Build | Building 796 |
| 1:12 | Build | Building 796 |
| 1:24 | Build | House |
| 1:29 | Build | House |
| 1:31 | Build | Palisade Wall |
| 1:34 | Build | Palisade Wall |
| 2:43 | Build | Palisade Wall |
| 2:52 | Create | Villager (Male) |
| 2:53 | Create | Villager (Male) |
| 3:27 | Create | Villager (Male) |
| 3:27 | Create | Villager (Male) |
| 3:45 | Create | Villager (Male) |
| 3:45 | Create | Villager (Male) |
| 4:00 | Build | Palisade Wall |
| 4:21 | Create | Villager (Male) |
| 4:21 | Create | Villager (Male) |
| 4:30 | Build | Palisade Wall |
| 5:00 | Build | Palisade Wall |
| 5:02 | Build | Palisade Wall |
| 5:07 | Build | Palisade Wall |
| 5:35 | Create | Villager (Male) |
| 5:35 | Create | Villager (Male) |
| 5:36 | Create | Villager (Male) |
| 6:09 | Create | Villager (Male) |
| 6:09 | Create | Villager (Male) |
| 6:40 | Build | Lumber Camp |
| 6:48 | Create | Villager (Male) |
| 6:49 | Create | Villager (Male) |
| 7:16 | Create | Villager (Male) |
| 7:17 | Create | Villager (Male) |
| 7:57 | Create | Villager (Male) |
| 7:57 | Create | Villager (Male) |
| 7:57 | Create | Villager (Male) |
| 8:54 | Create | Villager (Male) |
| 9:30 | Build | Mill |
| 9:37 | Create | Villager (Male) |
| 10:10 | Create | Villager (Male) |
| 10:20 | Create | Villager (Male) |
| 11:19 | Research | Feudal Age |
| 13:14 | Build | Mill |
| 13:29 | Age | Feudal Age |
| 13:38 | Build | Mill |
| 13:44 | Create | Villager (Male) |
| 13:45 | Create | Villager (Male) |
| 13:45 | Create | Villager (Male) |
| 13:52 | Research | Horse Collar |
| 13:53 | Research | Double-Bit Axe |
| 13:59 | Create | Villager (Male) |
| 14:04 | Build | Farm |
| 14:06 | Build | Farm |
| 14:08 | Build | Farm |
| 14:09 | Build | Farm |
| 14:12 | Build | Farm |
| 14:19 | Build | Mining Camp |
| 14:59 | Create | Villager (Male) |
| 15:28 | Create | Villager (Male) |
| 15:28 | Create | Villager (Male) |
| 15:45 | Create | Villager (Male) |
| 15:45 | Create | Villager (Male) |
| 15:54 | Build | House |
| 15:55 | Build | House |
| 16:04 | Build | House |
| 16:07 | Build | House |
| 16:25 | Create | Villager (Male) |
| 16:25 | Create | Villager (Male) |
| 16:25 | Create | Villager (Male) |
| 16:26 | Create | Villager (Male) |
| 16:44 | Build | House |
| 16:45 | Build | House |
| 16:46 | Build | House |
| 16:51 | Build | House |
| 16:53 | Build | House |
| 16:55 | Build | House |
| 17:06 | Build | Farm |
| 17:24 | Build | Mining Camp |
| 17:54 | Build | Blacksmith |
| 17:58 | Build | Market |
| 18:44 | Research | Wheelbarrow |
| 18:47 | Research | Town Watch |
| 18:56 | Research | Castle Age |
| 20:14 | Build | Barracks |
| 20:15 | Build | Barracks |
| 20:46 | Build | Palisade Wall |
| 20:47 | Build | Palisade Wall |
| 21:16 | Research | Scale Mail Armor |
| 21:22 | Build | Palisade Wall |
| 21:32 | Create | Spearman ×5 |
| 21:33 | Create | Spearman ×5 |
| 21:33 | Create | Spearman ×5 |
| 21:41 | Create | Spearman |
| 21:49 | Build | Barracks |
| 21:52 | Age | Castle Age |
| 22:07 | Research | Gold Mining |
| 22:07 | Research | Stone Mining |
| 22:09 | Create | Villager (Male) |
| 22:09 | Create | Villager (Male) |
| 22:10 | Create | Villager (Male) |
| 22:10 | Create | Villager (Male) |
| 22:10 | Create | Villager (Male) |
| 23:00 | Research | Chain Mail Armor |
| 23:18 | Research | Pikeman (upgrade) |
| 23:22 | Build | Farm |
| 23:24 | Build | Farm |
| 23:29 | Build | Farm |
| 23:33 | Build | Town Center |
| 23:36 | Create | Villager (Male) |
| 23:36 | Create | Villager (Male) |
| 25:19 | Build | Farm |
| 25:21 | Build | Farm |
| 25:24 | Build | Farm |
| 25:26 | Build | Farm |
| 25:29 | Build | Farm |
| 25:31 | Build | Farm |
| 25:33 | Research | Heavy Plow |
| 25:33 | Create | Villager (Male) |
| 25:34 | Create | Villager (Male) |
| 25:34 | Create | Villager (Male) |
| 25:37 | Create | Villager (Male) |
| 25:38 | Create | Villager (Male) |
| 25:39 | Create | Villager (Male) |
| 25:39 | Create | Villager (Male) |
| 25:39 | Create | Villager (Male) |
| 25:44 | Build | Castle |
| 26:09 | Build | Town Center |
| 26:46 | Create | Villager (Male) |
| 26:46 | Create | Villager (Male) |
| 26:50 | Create | Villager (Male) |
| 27:06 | Create | Villager (Male) |
| 27:16 | Research | Wheelbarrow |
| 27:24 | Build | House |
| 27:25 | Build | House |
| 27:26 | Build | House |
| 27:27 | Build | House |
| 27:29 | Build | House |
| 28:34 | Build | Farm |
| 28:38 | Research | Bow Saw |
| 28:44 | Build | Farm |
| 28:46 | Create | Villager (Male) |
| 28:46 | Create | Villager (Male) |
| 28:47 | Create | Villager (Male) |
| 28:48 | Create | Villager (Male) |
| 28:51 | Create | Villager (Male) |
| 29:15 | Build | Mill |
| 29:17 | Build | Farm |
Build order — 烤姓杀手
First 150 of 760 actions detected
| 0:01 | Create | Villager (Male) |
| 0:02 | Create | Villager (Male) |
| 0:02 | Create | Villager (Male) |
| 0:02 | Create | Villager (Male) |
| 1:21 | Create | Villager (Male) |
| 1:21 | Create | Villager (Male) |
| 1:22 | Create | Villager (Male) |
| 1:48 | Create | Villager (Male) |
| 1:49 | Create | Villager (Male) |
| 1:49 | Create | Villager (Male) |
| 1:49 | Create | Villager (Male) |
| 2:15 | Create | Villager (Male) |
| 2:15 | Create | Villager (Male) |
| 2:33 | Create | Villager (Male) |
| 2:34 | Create | Villager (Male) |
| 2:52 | Create | Villager (Male) |
| 2:52 | Create | Villager (Male) |
| 2:52 | Create | Villager (Male) |
| 3:15 | Create | Villager (Male) |
| 3:51 | Create | Villager (Male) |
| 3:56 | Build | Lumber Camp |
| 4:36 | Create | Villager (Male) |
| 4:36 | Create | Villager (Male) |
| 4:37 | Create | Villager (Male) |
| 5:24 | Create | Villager (Male) |
| 5:24 | Create | Villager (Male) |
| 5:24 | Create | Villager (Male) |
| 6:09 | Build | Mill |
| 6:13 | Create | Villager (Male) |
| 6:15 | Create | Villager (Male) |
| 7:18 | Create | Villager (Male) |
| 7:58 | Research | Feudal Age |
| 7:58 | Research | Feudal Age |
| 7:59 | Research | Feudal Age |
| 8:34 | Build | Farm |
| 8:55 | Create | Villager (Male) |
| 8:55 | Create | Villager (Male) |
| 9:34 | Create | Villager (Male) |
| 9:59 | Build | Farm |
| 10:08 | Age | Feudal Age |
| 10:14 | Create | Villager (Male) |
| 10:17 | Build | Farm |
| 10:21 | Build | Blacksmith |
| 10:53 | Build | Market |
| 10:55 | Create | Villager (Male) |
| 12:00 | Create | Villager (Male) |
| 12:00 | Create | Villager (Male) |
| 12:54 | Create | Villager (Male) |
| 13:29 | Research | Castle Age |
| 13:30 | Research | Castle Age |
| 13:43 | Build | Mining Camp |
| 14:01 | Research | Loom |
| 14:10 | Research | Horse Collar |
| 14:11 | Research | Horse Collar |
| 14:11 | Research | Horse Collar |
| 14:39 | Research | Double-Bit Axe |
| 14:39 | Research | Double-Bit Axe |
| 15:13 | Build | Farm |
| 15:20 | Build | Farm |
| 15:31 | Create | Villager (Male) |
| 16:09 | Age | Castle Age |
| 16:22 | Create | Villager (Male) |
| 16:38 | Build | Castle |
| 16:46 | Create | Villager (Male) |
| 16:53 | Build | Farm |
| 17:13 | Build | Farm |
| 17:41 | Build | Farm |
| 17:54 | Research | Heavy Plow |
| 18:12 | Create | Villager (Male) |
| 18:13 | Create | Villager (Male) |
| 18:25 | Create | Tarkan |
| 18:26 | Create | Tarkan |
| 18:26 | Create | Tarkan |
| 18:53 | Build | Farm |
| 18:57 | Create | Tarkan |
| 18:57 | Create | Tarkan |
| 19:23 | Create | Villager (Male) |
| 19:24 | Create | Villager (Male) |
| 19:24 | Create | Villager (Male) |
| 19:24 | Create | Villager (Male) |
| 19:32 | Build | Farm |
| 19:43 | Build | Town Center |
| 19:45 | Create | Villager (Male) |
| 19:51 | Create | Tarkan |
| 19:52 | Create | Tarkan |
| 19:59 | Create | Villager (Male) |
| 20:00 | Create | Villager (Male) |
| 20:28 | Build | Farm |
| 20:33 | Create | Tarkan |
| 20:33 | Create | Tarkan |
| 20:34 | Create | Tarkan |
| 21:03 | Create | Villager (Male) |
| 21:03 | Create | Villager (Male) |
| 21:04 | Create | Villager (Male) |
| 21:04 | Create | Villager (Male) |
| 21:10 | Build | Farm |
| 21:10 | Build | Farm |
| 21:11 | Build | Farm |
| 21:11 | Build | Farm |
| 21:23 | Create | Tarkan |
| 21:23 | Create | Tarkan |
| 21:23 | Create | Tarkan |
| 21:32 | Create | Villager (Male) |
| 21:33 | Create | Villager (Male) |
| 21:37 | Build | Farm |
| 21:39 | Create | Villager (Male) |
| 21:39 | Create | Villager (Male) |
| 21:54 | Create | Villager (Male) |
| 21:54 | Create | Villager (Male) |
| 21:54 | Create | Villager (Male) |
| 22:08 | Create | Villager (Male) |
| 22:08 | Create | Villager (Male) |
| 22:16 | Create | Villager (Male) |
| 22:23 | Build | Farm |
| 22:25 | Build | Farm |
| 22:35 | Create | Villager (Male) |
| 22:48 | Create | Villager (Male) |
| 22:49 | Create | Villager (Male) |
| 22:49 | Create | Villager (Male) |
| 22:57 | Create | Villager (Male) |
| 23:05 | Build | Farm |
| 23:07 | Build | Farm |
| 23:38 | Create | Tarkan |
| 23:38 | Create | Tarkan |
| 23:38 | Create | Tarkan |
| 23:39 | Create | Tarkan |
| 23:45 | Create | Villager (Male) |
| 23:45 | Create | Villager (Male) |
| 23:46 | Create | Villager (Male) |
| 23:46 | Create | Villager (Male) |
| 23:46 | Create | Villager (Male) |
| 23:46 | Create | Villager (Male) |
| 23:47 | Create | Villager (Male) |
| 23:47 | Create | Villager (Male) |
| 23:47 | Create | Villager (Male) |
| 23:47 | Create | Villager (Male) |
| 24:04 | Create | Villager (Male) |
| 24:04 | Create | Villager (Male) |
| 24:20 | Build | Town Center |
| 24:23 | Create | Villager (Male) |
| 24:24 | Create | Villager (Male) |
| 24:24 | Create | Villager (Male) |
| 24:39 | Build | Farm |
| 24:39 | Build | Farm |
| 24:40 | Build | Farm |
| 24:40 | Build | Farm |
| 24:42 | Build | Farm |
| 24:42 | Build | Farm |
| 24:42 | Build | Farm |
| 24:43 | Build | Farm |
Build order — 幸亏我及时的护住了脸
First 150 of 430 actions detected
| 0:11 | Create | Villager (Male) |
| 0:11 | Create | Villager (Male) |
| 0:11 | Create | Villager (Male) |
| 0:13 | Build | House |
| 0:15 | Build | House |
| 1:16 | Research | Loom |
| 1:28 | Create | Villager (Male) |
| 1:28 | Create | Villager (Male) |
| 1:54 | Create | Villager (Male) |
| 1:55 | Create | Villager (Male) |
| 2:29 | Build | Palisade Wall |
| 2:41 | Create | Villager (Male) |
| 2:42 | Create | Villager (Male) |
| 2:42 | Create | Villager (Male) |
| 3:14 | Create | Villager (Male) |
| 3:15 | Create | Villager (Male) |
| 3:15 | Create | Villager (Male) |
| 3:15 | Create | Villager (Male) |
| 3:45 | Create | Villager (Male) |
| 3:45 | Create | Villager (Male) |
| 3:46 | Create | Villager (Male) |
| 3:46 | Create | Villager (Male) |
| 4:05 | Build | Palisade Wall |
| 4:19 | Create | Villager (Male) |
| 4:19 | Create | Villager (Male) |
| 4:22 | Build | Lumber Camp |
| 4:43 | Create | Villager (Male) |
| 4:43 | Create | Villager (Male) |
| 5:00 | Build | House |
| 5:19 | Create | Villager (Male) |
| 5:20 | Create | Villager (Male) |
| 6:23 | Create | Villager (Male) |
| 6:23 | Create | Villager (Male) |
| 6:23 | Create | Villager (Male) |
| 7:28 | Create | Villager (Male) |
| 7:28 | Create | Villager (Male) |
| 7:40 | Build | House |
| 8:03 | Build | Dock |
| 8:26 | Create | Villager (Male) |
| 8:26 | Create | Villager (Male) |
| 9:55 | Create | Villager (Male) |
| 9:55 | Create | Villager (Male) |
| 10:24 | Build | Mining Camp |
| 10:31 | Create | Fishing Ship |
| 10:31 | Create | Fishing Ship |
| 10:50 | Build | Mill |
| 10:53 | Create | Villager (Male) |
| 11:12 | Create | Villager (Male) |
| 11:17 | Build | House |
| 11:23 | Create | Villager (Male) |
| 11:31 | Create | Villager (Male) |
| 11:41 | Create | Villager (Male) |
| 11:59 | Create | Villager (Male) |
| 12:25 | Create | Fishing Ship |
| 12:30 | Research | Feudal Age |
| 12:48 | Build | Palisade Wall |
| 13:32 | Create | Fishing Ship |
| 13:32 | Create | Fishing Ship |
| 13:52 | Build | House |
| 14:10 | Build | Lumber Camp |
| 14:17 | Build | House |
| 14:44 | Age | Feudal Age |
| 14:46 | Create | Villager (Male) |
| 14:47 | Create | Villager (Male) |
| 14:51 | Build | Blacksmith |
| 14:56 | Build | Market |
| 15:05 | Create | Villager (Male) |
| 15:28 | Create | Fishing Ship |
| 16:11 | Build | Farm |
| 16:12 | Build | Farm |
| 16:14 | Build | Farm |
| 16:16 | Build | Farm |
| 16:21 | Build | Farm |
| 16:23 | Build | Farm |
| 16:26 | Create | Demolition Raft |
| 16:29 | Create | Fishing Ship |
| 16:38 | Build | Stone Wall |
| 16:50 | Build | Stone Wall |
| 16:53 | Research | Castle Age |
| 17:05 | Create | Fishing Ship |
| 17:19 | Research | Double-Bit Axe |
| 17:27 | Build | Fish Trap |
| 17:36 | Build | Fish Trap |
| 17:47 | Build | Fish Trap |
| 17:55 | Build | Outpost |
| 18:09 | Build | Fish Trap |
| 18:18 | Build | Fish Trap |
| 18:30 | Build | Fish Trap |
| 18:38 | Build | Fish Trap |
| 18:59 | Build | House |
| 19:06 | Build | Outpost |
| 19:10 | Create | Villager (Male) |
| 19:33 | Age | Castle Age |
| 19:55 | Research | Bow Saw |
| 20:24 | Build | Barracks |
| 20:34 | Build | Siege Workshop |
| 20:41 | Build | Farm |
| 20:54 | Research | Scale Mail Armor |
| 20:55 | Research | Forging |
| 21:03 | Build | Barracks |
| 21:07 | Build | Barracks |
| 21:17 | Create | Spearman |
| 21:18 | Create | Spearman |
| 21:25 | Create | Villager (Male) |
| 21:25 | Create | Villager (Male) |
| 21:35 | Build | House |
| 21:51 | Create | Spearman ×5 |
| 21:57 | Build | House |
| 22:08 | Build | House |
| 22:13 | Build | House |
| 22:18 | Research | Town Watch |
| 22:21 | Research | Chain Mail Armor |
| 22:29 | Create | Spearman |
| 22:29 | Create | Spearman |
| 22:33 | Build | House |
| 22:47 | Create | Spearman |
| 22:47 | Create | Spearman |
| 23:03 | Create | Spearman |
| 23:04 | Create | Spearman |
| 23:15 | Build | House |
| 23:18 | Build | House |
| 23:23 | Build | Lumber Camp |
| 23:28 | Create | Spearman |
| 23:29 | Create | Spearman |
| 23:29 | Create | Spearman |
| 23:42 | Research | Iron Casting |
| 23:45 | Create | Spearman ×5 |
| 23:54 | Build | House |
| 24:23 | Create | Villager (Male) |
| 24:23 | Create | Villager (Male) |
| 24:36 | Build | Town Center |
| 24:56 | Create | Fishing Ship |
| 25:10 | Build | Siege Workshop |
| 25:14 | Create | Villager (Male) |
| 25:16 | Build | Farm |
| 25:19 | Research | Horse Collar |
| 25:51 | Build | Stone Wall |
| 25:54 | Create | Villager (Male) |
| 25:54 | Create | Villager (Male) |
| 25:57 | Create | Villager (Male) |
| 25:57 | Create | Villager (Male) |
| 26:08 | Create | Fishing Ship |
| 26:28 | Create | Villager (Male) |
| 26:28 | Create | Villager (Male) |
| 26:39 | Build | Monastery |
| 26:49 | Create | Villager (Male) |
| 26:50 | Create | Villager (Male) |
| 27:02 | Build | Mining Camp |
| 27:05 | Create | Villager (Male) |
| 27:07 | Create | Villager (Male) |
Build order — [**]XIANYU
First 150 of 268 actions detected
| 0:07 | Build | House |
| 0:10 | Create | Villager (Male) ×4 |
| 0:11 | Research | Loom |
| 0:52 | Build | House |
| 2:00 | Build | Palisade Wall |
| 2:13 | Create | Villager (Male) ×2 |
| 3:22 | Build | Outpost |
| 3:29 | Create | Villager (Male) ×3 |
| 4:19 | Build | Palisade Wall |
| 4:23 | Build | Palisade Wall |
| 4:56 | Build | Lumber Camp |
| 6:13 | Build | House |
| 6:49 | Create | Villager (Male) ×3 |
| 7:06 | Build | House |
| 7:09 | Build | House |
| 7:19 | Build | Palisade Wall |
| 7:40 | Create | Villager (Male) |
| 8:36 | Create | Villager (Male) ×2 |
| 8:59 | Build | Mill |
| 10:14 | Create | Villager (Male) ×5 |
| 10:43 | Create | Villager (Male) |
| 11:49 | Research | Feudal Age |
| 11:53 | Create | Villager (Male) |
| 14:04 | Age | Feudal Age |
| 14:10 | Create | Villager (Male) ×5 |
| 14:29 | Build | Mining Camp |
| 14:36 | Research | Double-Bit Axe |
| 15:07 | Research | Wheelbarrow |
| 15:15 | Create | Villager (Male) |
| 15:19 | Research | Gold Mining |
| 15:26 | Build | Farm |
| 16:06 | Build | Blacksmith |
| 17:17 | Create | Villager (Male) ×5 |
| 18:23 | Research | Horse Collar |
| 18:35 | Build | House |
| 18:50 | Build | House |
| 18:58 | Build | Barracks |
| 19:03 | Create | Villager (Male) |
| 19:22 | Build | Market |
| 20:13 | Build | Farm |
| 21:18 | Create | Villager (Male) |
| 22:08 | Research | Castle Age |
| 22:08 | Research | Castle Age |
| 22:10 | Create | Villager (Male) |
| 22:30 | Build | Archery Range |
| 22:36 | Build | Stable |
| 22:47 | Research | Arson |
| 22:48 | Research | Man-at-Arms (upgrade) |
| 23:09 | Build | House |
| 23:11 | Build | House |
| 23:19 | Create | Trade Cart |
| 23:28 | Research | Stone Mining |
| 23:33 | Research | Forging |
| 23:33 | Research | Fletching |
| 23:36 | Research | Scale Mail Armor |
| 24:30 | Research | Bloodlines |
| 24:48 | Age | Castle Age |
| 24:53 | Create | Villager (Male) |
| 25:14 | Build | Town Center |
| 25:37 | Build | House |
| 25:37 | Build | House |
| 25:38 | Build | House |
| 25:41 | Build | University |
| 25:51 | Create | Scout Cavalry |
| 25:53 | Research | Elite Skirmisher (upgrade) |
| 26:16 | Build | Farm |
| 26:57 | Build | Farm |
| 26:58 | Build | Farm |
| 27:03 | Create | Villager (Male) ×5 |
| 27:06 | Create | Villager (Male) ×4 |
| 27:18 | Build | Farm |
| 27:19 | Build | Farm |
| 27:26 | Build | Farm |
| 27:52 | Build | Farm |
| 28:05 | Build | Farm |
| 28:07 | Build | Farm |
| 28:09 | Build | Farm |
| 28:11 | Build | Farm |
| 28:13 | Build | Farm |
| 28:26 | Build | Monastery |
| 28:33 | Research | Scale Barding Armor |
| 28:49 | Build | Farm |
| 29:04 | Build | Farm |
| 29:12 | Build | Farm |
| 29:20 | Build | Farm |
| 29:26 | Build | Farm |
| 29:28 | Create | Monk |
| 29:33 | Research | Stone Shaft Mining |
| 30:00 | Build | Farm |
| 30:03 | Build | Farm |
| 30:06 | Create | Villager (Male) ×5 |
| 30:10 | Create | Villager (Male) |
| 30:18 | Create | Villager (Male) |
| 30:33 | Build | Farm |
| 30:34 | Build | Farm |
| 30:36 | Build | Farm |
| 30:44 | Research | Iron Casting |
| 30:51 | Create | Villager (Male) |
| 31:14 | Build | Siege Workshop |
| 31:19 | Build | Barracks |
| 31:58 | Build | Farm |
| 32:09 | Build | Farm |
| 32:10 | Build | Farm |
| 32:25 | Create | Battering Ram |
| 32:39 | Research | Imperial Age |
| 32:44 | Create | Villager (Male) ×2 |
| 32:56 | Build | Lumber Camp |
| 33:01 | Research | Gambesons |
| 33:02 | Research | Squires |
| 33:16 | Create | Villager (Male) ×3 |
| 33:31 | Create | Villager (Male) ×2 |
| 34:14 | Build | Castle |
| 34:24 | Research | Hand Cart |
| 34:26 | Create | Villager (Male) ×5 |
| 34:30 | Research | Hand Cart |
| 34:34 | Create | Villager (Male) ×4 |
| 34:45 | Research | Pikeman (upgrade) |
| 35:26 | Build | House |
| 35:28 | Build | House |
| 35:30 | Build | House |
| 35:39 | Create | Villager (Male) ×5 |
| 35:42 | Create | Villager (Male) ×5 |
| 35:47 | Create | Spearman ×3 |
| 35:49 | Age | Imperial Age |
| 35:59 | Create | Trebuchet (Packed) |
| 36:13 | Create | Villager (Male) ×4 |
| 36:32 | Build | Town Center |
| 36:40 | Research | Man-at-Arms (upgrade) |
| 36:44 | Research | Halberdier (upgrade) |
| 38:06 | Build | Castle |
| 38:22 | Research | Caravan |
| 38:29 | Create | Trade Cart |
| 38:40 | Research | Town Watch |
| 38:48 | Create | Spearman ×5 |
| 38:49 | Create | Spearman ×5 |
| 38:53 | Create | Teutonic Knight ×5 |
| 38:55 | Create | Teutonic Knight ×5 |
| 38:55 | Create | Teutonic Knight |
| 39:26 | Build | Mining Camp |
| 39:31 | Create | Villager (Male) ×5 |
| 39:31 | Create | Villager (Male) ×5 |
| 39:31 | Create | Villager (Male) ×5 |
| 40:02 | Build | Farm |
| 40:04 | Build | Farm |
| 40:10 | Research | Blast Furnace |
| 40:22 | Build | Mining Camp |
| 40:53 | Create | Spearman ×5 |
| 40:59 | Research | Capped Ram (upgrade) |
| 41:35 | Create | Villager (Male) ×5 |
| 41:52 | Build | Farm |
Match timeline
| 1:31 | K.T. · wall_segment Palisade Wall x1 |
| 1:34 | K.T. · wall_segment Palisade Wall x1 |
| 2:00 | [**]XIANYU · wall_segment Palisade Wall x9 |
| 2:29 | 幸亏我及时的护住了脸 · wall_segment Palisade Wall x6 |
| 2:43 | K.T. · wall_segment Palisade Wall x9 |
| 4:00 | K.T. · wall_segment Palisade Wall x5 |
| 4:05 | 幸亏我及时的护住了脸 · wall_segment Palisade Wall x7 |
| 4:19 | [**]XIANYU · wall_segment Palisade Wall x10 |
| 4:23 | [**]XIANYU · wall_segment Palisade Wall x6 |
| 4:30 | K.T. · wall_segment Palisade Wall x1 |
| 5:00 | K.T. · wall_segment Palisade Wall x1 |
| 5:02 | K.T. · wall_segment Palisade Wall x1 |
| 5:07 | K.T. · wall_segment Palisade Wall x1 |
| 7:19 | [**]XIANYU · wall_segment Palisade Wall x3 |
| 8:03 | 幸亏我及时的护住了脸 · first_building Dock |
| 10:08 | 烤姓杀手 · age_up feudal |
| 12:48 | 幸亏我及时的护住了脸 · wall_segment Palisade Wall x2 |
| 13:29 | 烤姓杀手 · first_market_sell 100 wood |
| 13:29 | K.T. · age_up feudal |
| 14:04 | [**]XIANYU · age_up feudal |
| 14:44 | 幸亏我及时的护住了脸 · age_up feudal |
| 16:09 | 烤姓杀手 · age_up castle |
| 16:38 | 烤姓杀手 · first_building Castle |
| 16:38 | 幸亏我及时的护住了脸 · wall_segment Stone Wall x6 |
| 16:50 | 幸亏我及时的护住了脸 · wall_segment Stone Wall x9 |
| 18:58 | [**]XIANYU · first_building Barracks |
| 19:33 | 幸亏我及时的护住了脸 · age_up castle |
| 20:14 | K.T. · first_building Barracks |
| 20:24 | 幸亏我及时的护住了脸 · first_building Barracks |
| 20:34 | 幸亏我及时的护住了脸 · first_building Siege Workshop |
| 20:46 | K.T. · wall_segment Palisade Wall x1 |
| 20:47 | K.T. · wall_segment Palisade Wall x1 |
| 21:22 | K.T. · wall_segment Palisade Wall x3 |
| 21:52 | K.T. · age_up castle |
| 22:30 | [**]XIANYU · first_building Archery Range |
| 22:36 | [**]XIANYU · first_building Stable |
| 24:48 | [**]XIANYU · age_up castle |
| 25:44 | K.T. · first_building Castle |
| 25:51 | 幸亏我及时的护住了脸 · wall_segment Stone Wall x4 |
| 26:39 | 幸亏我及时的护住了脸 · first_building Monastery |
| 28:26 | [**]XIANYU · first_building Monastery |
| 31:14 | [**]XIANYU · first_building Siege Workshop |
| 32:34 | 烤姓杀手 · first_building Barracks |
| 32:56 | 烤姓杀手 · age_up imperial |
| 33:51 | [**]XIANYU · first_market_buy 100 stone |
| 34:14 | [**]XIANYU · first_building Castle |
| 34:22 | 烤姓杀手 · first_building Archery Range |
| 34:44 | 烤姓杀手 · first_building Stable |
| 35:49 | [**]XIANYU · age_up imperial |
| 36:08 | 幸亏我及时的护住了脸 · wall_segment Stone Wall x8 |
| 36:22 | K.T. · age_up imperial |
| 37:07 | 幸亏我及时的护住了脸 · age_up imperial |
| 37:44 | 幸亏我及时的护住了脸 · wall_segment Stone Wall x1 |
| 38:11 | 幸亏我及时的护住了脸 · first_building Archery Range |
| 38:33 | K.T. · first_building Siege Workshop |
| 38:52 | 幸亏我及时的护住了脸 · first_building Castle |
| 39:03 | K.T. · first_market_sell 500 wood |
| 39:06 | K.T. · first_market_buy 100 food |
| 46:15 | 幸亏我及时的护住了脸 · first_building Stable |
| 48:25 | K.T. · first_building Archery Range |
| 61:01 | K.T. · first_building Monastery |
| 62:44 | 烤姓杀手 · resign |
[ AI ANALYSIS · 1 CREDIT ]
What really happened in this match?
Wolo.gg analyzes every decision: build order, eco, micro, common mistakes by bracket. Personalized analysis on WhatsApp or Discord in 30 seconds.
Civ guide
Goths
Map guide
Black Forest
Perfil
K.T.